 Seeded DCSS version 0.27-a0-1232-gc6a4cbde82 (webtiles) character file.

Game seed: 49 (custom seed)

369 Snicker the Slasher (level 6, -1/46 HPs)
             Began as a Demonspawn Brigand on June 8, 2021.
             Slain by Grinder (2 damage)
             ... on level 4 of the Dungeon.
             The game lasted 00:05:07 (2753 turns).

Snicker the Slasher (Demonspawn Brigand)            Turns: 2753, Time: 00:05:08

Health: -1/46      AC:  7    Str: 11    XL:     6   Next: 41%
Magic:  6/6        EV: 10    Int: 12    God:
Gold:   125        SH:  6    Dex: 17    Spells: 5/5 levels left

rFire    . . .     SeeInvis .   g - +1 triple sword (vorpal)
rCold    . . .     Faith    .   (shield currently unavailable)
rNeg     . . .     Spirit   .   m - +0 ring mail
rPois    .         Reflect  .   (no helmet)
rElec    .         Harm     .   c - +1 cloak
rCorr    +         Rampage  .   (no gloves)
Will     .....                  (no boots)
Stlth    ++........             (no amulet)
HPRegen  0.15/turn              q - ring of resist corrosion
MPRegen  0.10/turn              (no ring)

@: no status effects
A: hooves 1, large bone plates 2, powered by death 1
a: no special abilities


You were on level 4 of the Dungeon.
You visited 1 branch of the dungeon, and saw 4 of its levels.

You collected 125 gold pieces.

Inventory:

Hand Weapons
 a - a +0 dagger of draining
 f - a +2 dagger
 g - a +1 vorpal triple sword (weapon)
Missiles
 d - 8 poisoned darts (quivered)
 e - 2 curare-tipped darts
Armour
 b - a +0 robe
 c - a +1 cloak (worn)
 m - a +0 ring mail (worn)
Jewellery
 q - a ring of resist corrosion (left hand)
Wands
 k - a wand of iceblast (10)
 p - a wand of flame (17)
Scrolls
 h - a scroll of enchant armour
 i - 4 scrolls of identify
 o - a scroll of vulnerability {unknown}
 r - a scroll of teleportation
 s - 2 scrolls of magic mapping {unknown}
Potions
 j - a potion of brilliance
 l - 3 potions of curing {unknown}
 n - a potion of attraction {unknown}


   Skills:
 + Level 2.4 Fighting
 - Level 1.7(3.4) Short Blades
 * Level 4.6(4.8) Long Blades
 + Level 1.8 Throwing
 + Level 1.4 Armour
 + Level 1.0 Dodging
 + Level 4.4 Stealth
 + Level 0.8 Shields


You had 5 spell levels left.
You didn't know any spells.
Your spell library was empty.

Dungeon Overview and Level Annotations

Branches:
Dungeon (4/15)
 Temple: D:4-7

Altars:
Makhleb
Qazlal

Annotations:
D:4 Grinder


Innate Abilities, Weirdness & Mutations

You have large cloven feet.
You are mostly covered in large bone plates. (SH +6)
You regenerate a little health from kills.


Message History

The centaur is moderately wounded.
The centaur unwields a +0 shortbow.
The centaur hits you but does no damage.
The centaur kicks you but does no damage.
Grinder says, "Are you a fish?" Grinder hits you.
You writhe in agony.
The centaur hits you.
The centaur kicks you but does no damage.
The centaur hits you but does no damage.
The centaur kicks you but does no damage.
Grinder hits you.
You writhe in agony.
You hit the centaur but do no damage.
The centaur is moderately wounded.
The centaur hits you but does no damage.
The centaur kicks you but does no damage.
Grinder hits you.
You writhe in agony.
You block the centaur's attack.
The centaur kicks you but does no damage.
Unknown command.
You slash Grinder! Your kick misses Grinder.
Grinder is heavily wounded.
The centaur hits you. The centaur barely misses you.
Grinder closely misses you. The centaur completely misses you.
You riposte.
You closely miss the centaur. You kick the centaur, but do no damage.
The centaur is moderately wounded.
The centaur kicks you but does no damage.
Grinder closely misses you. The centaur barely misses you.
You riposte.
You barely miss the centaur.
The centaur is moderately wounded.
The centaur kicks you but does no damage.
You slash the centaur! Your kick misses the centaur.
The centaur is almost dead.
You block the centaur's attack.
The centaur kicks you but does no damage.
Grinder hits you!
* * * LOW HITPOINT WARNING * * *
You writhe in agony.
* * * LOW HITPOINT WARNING * * *
The centaur barely misses you.
The centaur kicks you but does no damage.
Grinder hits you.
You die...

......#..# #...# #.
......#..#
#...#################.
......#..#
#..................##.
......##.#
#....############.###.
......# .. #....# #.#
#. ##+#### #.###'#.#
#.# #. #.#+########
#.# #. #....5.....#
#.# #. #...@c....$#
#.# #.
#......#########.# #.
#....+## ####'.#.# #.
......# #...#...# #.
#...#### #.>.###.# #.
#...# ..#...# #.# #.
##). ##########)# #.
... ...#. #..# #.
#.>.#. #..###.


You could see Grinder and a centaur.

Vanquished Creatures
  2 water moccasin skeletons
  A howler monkey (D:4)
  A jelly (D:4)
  An orc priest (D:3)
  An iguana (D:4)
  Ijyb (D:4)
  Terence (D:2)
  A howler monkey skeleton (D:4)
  2 adders (D:2)
  3 worms
  5 orcs
  3 ball pythons
  9 bats
  5 endoplasms
  2 giant cockroaches
  6 goblins
  3 hobgoblins
  5 kobolds
  4 quokkas
  6 rats
62 creatures vanquished.

Notes
Turn   | Place    | Note
-------+----------+-------------------------------------------
     0 | D:1      | Snicker the Demonspawn Brigand began the quest for the Orb.
     0 | D:1      | Reached XP level 1. HP: 16/16 MP: 1/1
   187 | D:1      | Identified a scroll of acquirement
   187 | D:1      | Acquired a +1 vorpal triple sword
   206 | D:1      | Gained mutation: You are partially covered in large bone
                  | plates. (SH +4) [demonic ancestry]
   206 | D:1      | Reached XP level 2. HP: 21/22 MP: 2/2
   821 | D:2      | Reached skill level 1 in Long Blades
   821 | D:2      | Gained mutation: You have large cloven feet. [demonic
                  | ancestry]
   821 | D:2      | Reached XP level 3. HP: 27/27 MP: 3/3
   991 | D:2      | Noticed Terence
  1003 | D:2      | Killed Terence
  1004 | D:2      | Reached XP level 4. HP: 27/33 MP: 4/4
  1121 | D:2      | Found a faded altar of an unknown god.
  1794 | D:3      | Found a stormy altar of Qazlal.
  1803 | D:3      | Reached skill level 1 in Dodging
  1803 | D:3      | Gained mutation: You are mostly covered in large bone
                  | plates. (SH +6) [demonic ancestry]
  1803 | D:3      | Reached XP level 5. HP: 27/38 MP: 5/5
  2000 | D:3      | Reached skill level 1 in Armour
  2329 | D:3      | Found a burning altar of Makhleb.
  2352 | D:4      | Noticed Ijyb
  2355 | D:4      | Killed Ijyb
  2542 | D:4      | Gained mutation: You regenerate a little health from kills.
                  | [demonic ancestry]
  2542 | D:4      | Reached XP level 6. HP: 44/46 MP: 6/6
  2746 | D:4      | Noticed Grinder
  2753 | D:4      | HP: 1/46 [Grinder (6)]
  2753 | D:4      | Slain by Grinder

Illustrated notes

Levels and vault maps discovered:
D:1:      sevenhm_arrival_forest_fort_small_4, layout_loops_ring
D:2:      layout_basic, shapermc_ecumenical_altar_gd, serial_bayou_pond_e,
          uniq_terence
D:3:      layout_loops_ring, nicolae_qazlal_eye_of_the_storm,
          lightli_temple_of_fire
D:4:      layout_basic, lemuel_crystal_altar,
          nicolae_ossuary_entry_false_entrances, uniq_ijyb, uniq_grinder

Skill      XL: |  1  2  3  4  5 |
---------------+----------------+-----
Stealth        | 4 |  4.4
Long Blades    | 1 2 3 4 |  4.6
Dodging        | 1 |  1.0
Armour         | 1 |  1.4
Fighting       | |  2.4
Short Blades   | |  1.7
Throwing       | |  1.8
Shields        | |  0.8

Action                   |  1- 3 |  4- 6 || total
-------------------------+-------+-------++-------
Melee: Dagger            |     7 |       ||     7
       Triple sword      |    34 |    71 ||   105
       Kick              |     3 |    18 ||    21
  Use: Scroll            |     1 |     3 ||     4
 Stab: Sleeping          |     6 |     5 ||    11
Armor: Robe              |     6 |       ||     6
       Ring mail         |     8 |    38 ||    46
Dodge: Dodged            |    22 |    37 ||    59
Block: Other             |     7 |    20 ||    27
       Rpst.: Triple sword |     9 |    14 ||    23

Table legend: (Time is in decaauts)
 A = Elapsed time spent in this place.
 B = Non-inter-level travel time spent in this place.
 C = Inter-level travel time spent in this place.
 D = Time resting spent in this place.
 E = Time spent auto-exploring this place.
 F = Levels seen in this place.
 G = Mean time per level.
                   A        B        C        D        E       F      G
               +--------+--------+--------+--------+--------+-----+--------+
         Total |   2836 |   2703 |    133 |      0 |   2116 |   4 |  709.0 |
       Dungeon |   2836 |   2703 |    133 |      0 |   2116 |   4 |  709.0 |
               +--------+--------+--------+--------+--------+-----+--------+

Top non-repeatable levels by time:
     D:1: 918 daAuts
     D:3: 888 daAuts
     D:2: 608 daAuts
     D:4: 421 daAuts
